Map: Orbital Shipyard

Players

PinheadLarry (Astrea)

  • Race: Protoss Protoss
  • League: Diamond

Tefel - Winner!

  • Race: Zerg Zerg
  • League: Diamond

Event: ASL Season 5 Prime League LOTV Beta

VOD

Have the link to the VOD?

Description

Time

  • Played on: Sept. 5, 2015, 10:32 p.m.
  • Length: 18:58

All games in this series

Show
View Real Time Build Order
Export as new Build Order

PinheadLarry Protoss 

Build Orders: 1 Gate Expand 

Get SALT Encoding   

  12  0:00  Probe (Chrono Boost)  
  13  0:14  Pylon  
  13  0:17  Probe (Chrono Boost)  
  14  0:27  Probe (Chrono Boost)  
  15  0:33  Gateway  
  15  0:37  Probe (Chrono Boost)  
  16  0:45  Assimilator  
  16  0:47  Probe (Chrono Boost)  
  17  0:57  Probe (Chrono Boost)  
  18  1:07  Probe (Chrono Boost)  
  19  1:17  Nexus  
  19  1:29  Cybernetics Core  
  19  1:30  Probe (Chrono Boost)  
  20  1:41  Probe (Chrono Boost)  
  20  1:42  Pylon  
  21  1:48  Assimilator  
  21  1:51  Probe (Chrono Boost)  
  22  2:01  Probe (Chrono Boost), Warp Gate (Chrono Boost)  
  23  2:07  Adept  
  25  2:12  Probe  
  26  2:24  Mothership Core  
  26  2:27  Probe  
  29  2:36  Stalker  
  31  2:37  Probe  
  32  2:46  Probe  
  32  2:47  Probe  
  32  2:49  Gateway  
  34  2:55  Gateway  
  34  2:57  Probe  
  34  2:58  Probe  
  36  3:06  Sentry  
  36  3:07  Pylon  
  36  3:10  Probe  
  39  3:16  Probe  
  40  3:22  Probe  
  40  3:26  Probe  
  41  3:28  Pylon  
  42  3:34  Probe  
  42  3:36  Probe, Pylon  
  42  3:38  Pylon  
  44  3:46  Probe x2  
  46  3:56  Adept x2  
  46  3:57  Probe, Adept  
  46  3:58  Probe  
  54  4:06  Forge  
  54  4:07  Probe  
  55  4:10  Probe  
  56  4:19  Adept  
  56  4:20  Probe, Adept x2  
  56  4:23  Probe  
  64  4:30  Probe  
  64  4:35  Probe, Assimilator  
  64  4:36  Robotics Facility, Assimilator  
  62  4:40  Probe  
  62  4:41  Protoss Ground Weapons Level 1  
  61  4:46  Stalker x3  
  61  4:47  Probe  
  61  4:50  Probe  
  58  4:59  Probe  
  53  5:01  Probe  
  53  5:03  Pylon  
  53  5:04  Pylon  
  53  5:05  Sentry x3  
  60  5:10  Pylon  
  60  5:11  Pylon  
  60  5:14  Pylon  
  60  5:18  Pylon  
  60  5:24  Immortal (Chrono Boost)  
  64  5:34  Gateway  
  62  5:36  Sentry, Gateway, Stalker x2  
  68  5:59  Nexus  
  68  6:01  Pylon  
  68  6:02  Observer (Chrono Boost)  
  69  6:05  Sentry x2  
  69  6:07  Pylon  
  69  6:09  Sentry  
  69  6:11  Probe x2  
  77  6:17  Pylon  
  77  6:19  Immortal (Chrono Boost)  
  77  6:23  Probe x2  
  77  6:25  Protoss Ground Armor Level 1  
  83  6:27  Twilight Council  
  83  6:32  Photon Cannon  
  83  6:37  Probe x2  
  83  6:39  Photon Cannon  
  85  6:49  Probe x2  
  85  6:53  Warp Prism (Chrono Boost)  
  85  6:54  Blink (Chrono Boost)  
  89  7:05  Assimilator  
  89  7:07  Pylon  
  89  7:15  Stalker x5  
  97  7:16  Probe x2  
  97  7:21  Assimilator  
  101  7:25  Probe  
  101  7:28  Probe x2  
  104  7:32  Stargate  
  104  7:45  Zealot x5  
  104  7:47  Photon Cannon  
  104  7:48  Pylon  
  104  7:50  Photon Cannon  
  114  7:51  Protoss Air Weapons Level 1 (Chrono Boost)  
  114  7:53  Photon Cannon  
  114  7:57  Stargate  
  114  8:14  Phoenix (Chrono Boost)  
  114  8:16  Stalker  
  114  8:17  Stalker x3  
  114  8:18  Stalker  
  126  8:26  Protoss Ground Armor Level 2  
  125  8:39  Probe x2  
  127  8:43  Phoenix (Chrono Boost)  
  127  8:46  Phoenix (Chrono Boost)  
  129  8:50  Photon Cannon  
  129  8:51  Photon Cannon x2  
  129  9:04  Phoenix (Chrono Boost)  
  129  9:07  Pylon, Phoenix (Chrono Boost)  
  133  9:10  Pylon  
  133  9:21  Zealot x5  
  143  9:25  Phoenix (Chrono Boost)  
  143  9:28  Phoenix (Chrono Boost)  
  139  9:42  Observer  
  138  9:45  Phoenix (Chrono Boost)  
  138  9:48  Phoenix (Chrono Boost)  
  142  10:06  Phoenix (Chrono Boost)  
  144  10:09  Phoenix (Chrono Boost)  
  146  10:19  Stalker x4  
  146  10:20  Stalker  
  153  10:27  Phoenix (Chrono Boost)  
  154  10:30  Phoenix (Chrono Boost)  
  154  10:33  Pylon  
  154  10:34  Pylon  
  156  10:35  Templar Archives  
  156  10:51  Nexus  
  156  11:03  Stalker x4  
  156  11:04  Stalker  
  166  11:12  Pylon x2  
  166  11:14  Pylon  
  150  11:31  Stalker  
  150  11:32  Stalker x4  
  123  11:40  Probe x3  
  123  11:42  Photon Cannon  
  123  11:43  Photon Cannon  
  123  11:45  Photon Cannon  
  120  11:48  Photon Cannon  
  120  11:50  Immortal  
  120  11:53  Protoss Ground Armor Level 3  
  124  11:58  Zealot  
  124  11:59  Zealot x3  
  130  12:21  Gateway x2  
  130  12:23  Assimilator  
  130  12:26  Gateway x2, Assimilator  
  130  12:28  Gateway  
  130  12:29  Immortal  
  133  12:31  High Templar  
  133  12:32  High Templar x3  
  133  12:33  Zealot  
  143  12:37  Gateway  
  143  12:40  Gateway  
  143  12:44  Gateway  
  143  12:51  Archon x2  
  108  13:11  High Templar x4  
  116  13:13  Immortal  
  116  13:16  Mothership Core  
  116  13:18  Nexus  
  122  13:21  Pylon  
  122  13:22  Archon x2  
  122  13:40  High Templar x2  
  125  13:43  High Templar x2, Archon  
  129  13:52  Immortal  
  129  13:54  Archon  
  133  14:12  Zealot  
  133  14:13  Zealot x6  
  147  14:29  Probe x2  
  137  14:31  Immortal  
  135  14:47  High Templar  
  135  14:48  High Templar x3  
  129  15:01  Archon  
  129  15:07  Probe x3  
  129  15:09  Archon  
  129  15:11  Immortal  
  133  15:25  Nexus  
  133  15:29  High Templar x4  
  133  15:32  Archon x2  
  141  15:49  Zealot x2  
  145  15:57  Zealot x2  
  147  16:01  High Templar x2  
  147  16:02  High Templar  
  155  16:04  Archon  
  152  16:16  High Templar  
  154  16:24  Forge, Archon  
  153  16:33  Immortal  
  144  17:12  Immortal  
  54  17:42  High Templar  
  54  17:43  High Templar  
  54  17:44  Zealot x3  
  53  17:52  Immortal  
  53  17:54  Archon  
  40  18:17  Zealot  
  34  18:39  High Templar x2  
  38  18:44  Archon  
Show
View Real Time Build Order
Export as new Build Order

Tefel Zerg - Winner!

Build Orders: 3 Hatch before Pool 

Get SALT Encoding   

  12  0:00  Drone  
  13  0:08  Drone  
  14  0:17  Overlord  
  14  0:22  Extractor  
  14  0:23  Drone  
  15  0:35  Drone x2  
  17  0:51  Hatchery  
  17  0:54  Drone  
  17  0:57  Drone  
  18  1:16  Hatchery  
  17  1:29  Spawning Pool  
  17  1:31  Drone  
  17  1:33  Extractor  
  17  1:35  Drone  
  17  1:39  Drone  
  18  1:43  Drone  
  19  1:54  Drone  
  20  2:03  Drone x2  
  22  2:14  Drone  
  22  2:15  Drone, Queen  
  24  2:17  Queen  
  28  2:25  Overlord  
  28  2:28  Drone x2  
  30  2:33  Metabolic Boost  
  30  2:37  Drone  
  30  2:39  Zergling x2  
  30  2:43  Drone  
  33  2:46  Zergling x2  
  33  2:47  Zergling x2  
  33  2:50  Drone  
  36  3:05  Drone x2  
  38  3:09  Drone  
  38  3:12  Overlord  
  39  3:14  Drone x2  
  39  3:17  Drone  
  42  3:22  Overlord x2  
  42  3:25  Roach Warren  
  41  3:28  Drone  
  41  3:32  Zergling x6  
  41  3:33  Overlord, Zergling x2  
  45  3:42  Zergling x6  
  48  3:50  Overlord  
  44  4:03  Queen  
  44  4:05  Roach x9  
  44  4:09  Roach  
  64  4:12  Zergling x2  
  64  4:17  Zergling x4  
  64  4:23  Zergling x2  
  64  4:29  Zergling x4  
  62  4:33  Zergling x2  
  62  4:40  Roach  
  62  4:42  Roach  
  62  4:43  Roach  
  60  4:50  Roach  
  58  4:53  Drone x2  
  58  4:55  Queen  
  58  4:56  Queen  
  58  4:59  Extractor  
  62  5:00  Drone  
  62  5:01  Drone x2  
  65  5:09  Drone  
  65  5:12  Overlord  
  66  5:16  Extractor  
  66  5:17  Extractor  
  66  5:18  Drone x2  
  66  5:21  Lair  
  66  5:31  Drone x5  
  66  5:32  Drone x2  
  68  5:41  Drone  
  68  5:42  Drone x2  
  71  5:43  Drone  
  71  5:44  Drone  
  71  5:45  Drone  
  74  5:55  Overlord  
  74  5:56  Overlord, Extractor  
  73  5:57  Drone  
  73  6:02  Drone, Extractor  
  74  6:14  Drone x5  
  74  6:16  Drone x2  
  81  6:21  Drone  
  81  6:23  Drone x2, Spire  
  83  6:26  Drone  
  83  6:27  Drone  
  83  6:29  Drone  
  83  6:32  Hatchery  
  85  6:36  Overlord  
  85  6:37  Drone x2  
  87  6:40  Overlord, Spine Crawler, Overseer  
  87  6:42  Drone  
  87  6:44  Drone x3, Overlord  
  90  6:49  Overlord  
  90  6:50  Overlord  
  90  7:03  Zergling x4  
  90  7:06  Zergling x16  
  100  7:13  Zergling x4  
  102  7:16  Queen  
  104  7:23  Queen  
  106  7:35  Mutalisk x8  
  122  7:39  Mutalisk x4  
  122  7:41  Overlord x2  
  130  7:47  Drone x3  
  130  7:48  Drone x2  
  130  7:49  Overlord x2  
  135  7:53  Drone  
  135  7:54  Evolution Chamber x2  
  135  7:55  Overlord  
  134  7:59  Drone x2  
  136  8:06  Drone x3  
  136  8:09  Drone  
  144  8:12  Drone x4  
  144  8:13  Drone x2  
  144  8:19  Zergling x4  
  148  8:20  Extractor  
  148  8:22  Extractor  
  148  8:25  Drone x4  
  150  8:39  Drone x5  
  151  8:42  Overlord  
  151  8:43  Drone x3, Overlord  
  151  8:44  Zerg Ground Armor Level 1, Zerg Melee Weapons Level 1  
  151  8:47  Infestation Pit  
  153  8:50  Spore Crawler  
  153  8:51  Spine Crawler, Zergling x6  
  153  8:52  Overlord  
  154  8:56  Spine Crawler x2  
  154  8:57  Overlord  
  154  8:59  Zergling x4  
  154  9:00  Zergling x2  
  154  9:01  Zergling x10  
  154  9:02  Queen  
  160  9:06  Zergling x2  
  160  9:20  Overlord, Roach x5  
  160  9:23  Hive, Hydralisk Den  
  169  9:28  Roach x3  
  175  9:32  Zergling x14  
  175  9:35  Hatchery  
  175  9:37  Spine Crawler  
  177  9:38  Zergling x2  
  177  9:40  Overlord, Zergling x2  
  177  9:42  Glial Reconstitution  
  178  9:52  Hydralisk x8  
  180  9:53  Hydralisk  
  180  9:57  Muscular Augments  
  196  10:01  Hydralisk  
  196  10:06  Overlord x2  
  198  10:10  Zergling x2  
  198  10:11  Overlord  
  187  10:22  Hydralisk x3  
  187  10:23  Hydralisk x2  
  187  10:24  Hydralisk x4  
  187  10:27  Spore Crawler  
  198  10:29  Zergling x2  
  198  10:31  Spore Crawler  
  198  10:34  Overlord  
  198  10:39  Overlord, Ultralisk Cavern  
  198  10:40  Zerg Melee Weapons Level 2, Zergling x4  
  198  10:41  Spore Crawler, Zerg Ground Armor Level 2  
  198  10:45  Adrenal Glands  
  198  10:49  Hydralisk  
  196  10:54  Zergling x2  
  196  10:55  Hydralisk  
  199  11:01  Spore Crawler x2  
  199  11:02  Hydralisk x3  
  199  11:03  Hydralisk x2  
  195  11:05  Zergling x6  
  195  11:06  Overlord  
  195  11:08  Zergling x2  
  195  11:10  Hydralisk  
  196  11:12  Hydralisk  
  196  11:17  Hydralisk x2  
  195  11:19  Zergling x4  
  195  11:20  Zergling x4  
  195  11:21  Zergling x4  
  195  11:25  Zergling x6  
  180  11:30  Zergling x8  
  180  11:31  Zergling x4  
  162  11:36  Zergling x8  
  162  11:37  Zergling x4  
  143  11:41  Zergling x4  
  143  11:42  Zergling x4  
  143  11:44  Zergling x4  
  143  11:45  Zergling x2  
  135  11:47  Zergling x2  
  135  11:49  Drone  
  135  11:50  Drone x2  
  135  11:51  Zergling x2  
  135  11:53  Zergling x2  
  139  11:59  Ultralisk  
  143  12:03  Hydralisk x3  
  143  12:05  Zergling x4  
  146  12:09  Zergling x8  
  146  12:10  Zergling x2  
  146  12:11  Zergling x2  
  146  12:13  Drone  
  146  12:14  Drone x2  
  146  12:19  Chitinous Plating  
  146  12:28  Ultralisk  
  146  12:29  Hydralisk x3  
  151  12:31  Zergling x2  
  158  12:41  Ultralisk  
  159  12:45  Zergling x14  
  162  12:54  Ultralisk  
  162  12:56  Zergling x8  
  162  12:57  Zergling x2  
  162  12:58  Zergling x2  
  130  13:05  Drone  
  130  13:06  Ultralisk  
  130  13:07  Zergling x2  
  130  13:08  Zergling x2  
  130  13:10  Zergling x4  
  130  13:11  Hydralisk  
  140  13:14  Zergling x4  
  142  13:20  Zergling x10  
  142  13:26  Zergling x2  
  142  13:27  Zergling x6  
  151  13:30  Hydralisk  
  151  13:31  Hydralisk  
  155  13:34  Hydralisk  
  155  13:38  Overlord x2  
  156  13:45  Overlord x3  
  152  13:53  Hydralisk x5  
  149  13:57  Queen  
  149  14:00  Overlord  
  149  14:01  Overlord  
  151  14:08  Ultralisk  
  151  14:09  Zergling x4  
  157  14:10  Zergling x4  
  157  14:12  Zergling x2  
  157  14:13  Zergling x2  
  161  14:22  Zergling x8  
  161  14:23  Zergling x4  
  160  14:25  Zergling x10  
  160  14:26  Zergling x4  
  142  14:35  Ultralisk  
  142  14:38  Zergling x6  
  142  14:39  Zergling x2  
  141  14:46  Zergling x6  
  141  14:47  Zergling x6  
  141  14:48  Zergling x2  
  141  14:51  Zergling x4  
  146  14:57  Drone x3  
  144  15:02  Ultralisk  
  144  15:03  Zergling x2  
  144  15:04  Zergling x2  
  152  15:08  Zergling x6  
  152  15:09  Zergling x2  
  156  15:15  Zergling x4  
  149  15:21  Overlord x4  
  149  15:22  Overlord  
  149  15:30  Overlord  
  149  15:31  Overlord x2  
  149  15:32  Overlord  
  148  15:41  Zergling x4  
  145  15:43  Zergling x6  
  145  15:46  Zergling x10  
  152  15:50  Ultralisk  
  152  15:55  Ultralisk  
  159  15:57  Zergling x6  
  159  15:58  Zergling x2  
  159  15:59  Zergling x4  
  159  16:01  Zergling x2  
  159  16:02  Zergling x2  
  159  16:03  Zergling x2  
  159  16:04  Zergling x2  
  162  16:07  Zergling x2  
  162  16:08  Zergling x2  
  162  16:09  Zergling x2  
  163  16:13  Hydralisk x3  
  163  16:16  Zergling x2  
  164  16:22  Ultralisk  
  171  16:30  Drone  
  171  16:31  Ultralisk  
  173  16:38  Zergling x2  
  171  16:43  Zergling x14  
  171  16:44  Zergling x2  
  173  16:53  Zergling x4  
  170  17:02  Zergling x2  
  170  17:04  Overlord x2  
  170  17:07  Hatchery, Zergling x2  
  167  17:11  Zergling x6  
  166  17:20  Zergling x10  
  134  17:23  Zergling x2  
  134  17:25  Zergling x2  
  134  17:28  Zergling x2  
  108  17:33  Zergling x2  
  109  17:38  Zergling x4  
  109  17:39  Zergling x2  
  110  17:49  Zergling x6  
  110  17:50  Zergling x4  
  114  17:52  Zergling x2  
  114  17:58  Zergling x6  
  115  18:01  Zergling x2  
  102  18:06  Zergling x2  
  102  18:07  Zergling x6  
  102  18:08  Zergling x2  
  102  18:10  Zergling x2  
  90  18:14  Drone x2  
  90  18:19  Drone  
  83  18:29  Drone x2  
  83  18:32  Drone x2  
Tags
 
Add a new tag
Caveats
  • Supply blocks, unpowered buildings, or Contaminate may cause inaccurate times.
  • Supply counts are checked every 10 seconds.